 Dungeon Crawl Stone Soup version 0.23.2-33-g5129a83184 (webtiles) character file.

Game seed: 3473259870018280267

169 t4s4d4r the Digger (level 5, -8/28 HPs)
             Began as a Gargoyle Earth Elementalist on June 30, 2019.
             Killed by divine providence
             ... invoked by an orc priest
              (14 damage)
             ... on level 3 of the Dungeon.
             The game lasted 00:04:45 (3773 turns).

t4s4d4r the Digger (Gargoyle Earth Elementalist)    Turns: 3773, Time: 00:04:46

Health: -8/28      AC:  6    Str: 11    XL:     5   Next: 50%
Magic:  11/11      EV: 12    Int: 17    God:
Gold:   120        SH:  0    Dex: 10    Spells: 11/12 levels left

rFire    . . .     SeeInvis .   j - +3 short sword
rCold    . . .     Gourm    .   (no shield)
rNeg     + . .     Faith    .   c - +0 robe
rPois    ∞         Spirit   .   (no helmet)
rElec    +         Reflect  .   (no cloak)
rCorr    .         Harm     .   (no gloves)
MR       .....                  (no boots)
Stlth    ++........             (no amulet)
HPRegen  0.09/turn              (no ring)
MPRegen  0.12/turn              (no ring)

@: no status effects
A: negative energy resistance 1, electricity resistance, unbreathing,
petrification resistance, rot immunity, AC +4
a: no special abilities


You were on level 3 of the Dungeon.
You were not hungry.

You visited 1 branch of the dungeon, and saw 3 of its levels.

You collected 120 gold pieces.

Inventory:

Hand Weapons
 j - a +3 short sword (weapon)
Missiles
 b - 41 stones (quivered)
Armour
 c - a +0 robe (worn)
Wands
 n - a wand of polymorph (6)
Scrolls
 a - 2 scrolls of teleportation {unknown}
 e - 3 scrolls of remove curse {unknown}
 f - a scroll of fear {unknown}
 g - 2 scrolls of enchant armour {unknown}
 i - 8 scrolls of identify {unknown}
 m - a scroll of blinking {unknown}
 o - a scroll of immolation {unknown}
Potions
 h - a potion of heal wounds {unknown}
 k - 3 potions of magic {unknown}
 l - a potion of lignification {unknown}
 q - a potion of curing {unknown}
Comestibles
 d - 7 rations
 p - a chunk of flesh


   Skills:
 - Level 1.5 Dodging
 - Level 2.1 Stealth
 - Level 4.0 Spellcasting
   Level 0.7 Transmutations
 + Level 5.5 Earth Magic


You had 11 spell levels left.
You knew the following spells:

 Your Spells              Type           Power        Failure   Level  Hunger
a - Sandblast             Erth           ###...       1%          1    None

Your spell library contained the following spells:

 Spells                   Type           Power        Failure   Level  Hunger
 Passwall                 Tmut/Erth      ##......     7%          2    ##.....
 Stone Arrow              Conj/Erth      ##....       16%         3    ###....
 Petrify                  Tmut/Erth      ##......     41%         4    ####...
 Lee's Rapid Deconstruct  Erth           ###.......   41%         5    ######.


Dungeon Overview and Level Annotations

Branches:
Dungeon (3/15)

Altars:


Innate Abilities, Weirdness & Mutations

You are resistant to torment.
Your stone body is resilient. (AC +4)
You are immune to poison.
You resist negative energy. (rN+)
You are resistant to electric shocks. (rElec)
You can survive without breathing.
You are immune to petrification.
You are immune to rotting.


Message History

The orc is severely wounded.
The orc hits you but does no damage.
Casting: Sandblast (safe; 1% risk of failure)
Confirm with . or Enter, or press ? or * to list all spells.
Aiming: Sandblast (safe; 1% risk of failure)
Press: ? - help, Shift-Dir - straight line, f - orc
Aim: an orc, wielding a +0 dagger (heavily wounded)
The blast of sand hits the orc!
You kill the orc!
b - 41 stones Some of the chunks of flesh in your inventory have rotted away.
The orc priest mumbles some strange prayers to Beogh against you.
Beogh smites you!
* * * LOW HITPOINT WARNING * * *
There is an open door here.
You see here a +0 club.
The orc priest invokes the aid of Beogh against you.
Beogh smites you!
Ouch! That really hurt!
You die...

#........)).).####
.#.......#.
#.#####.))..###
.'........ #.# #######
#.......# #.# # #.......#
#.# # #.......# #.#
#.......# #.# #.......#
#.# ###.......# #@#
..#..÷.#o## #. #.#
..#...o#.# #.##o#
..#....#r# ..#.#
..#....#.# #.#.#
..#...r#.# #.#r#
..#....#.# #...#
.#...o#.######o.#########
#....#.o.r....>........#


You could see an orc priest, an orc and a rat.

Vanquished Creatures
  A big kobold (D:3)
  An adder (D:2)
  4 worms (D:2)
  3 dart slugs
  3 leopard geckos
  3 orcs (D:3)
  11 bats
  3 giant cockroaches
  8 goblins
  8 hobgoblins
  3 jackals (D:1)
  A quokka (D:2)
  3 frilled lizards
  14 kobolds
  6 rats
72 creatures vanquished.

Notes
Turn   | Place    | Note
-------+----------+-------------------------------------------
     0 | D:1      | t4s4d4r the Gargoyle Earth Elementalist began the quest for
                  | the Orb.
     0 | D:1      | Reached XP level 1. HP: 10/10 MP: 3/3
   541 | D:1      | Reached XP level 2. HP: 6/15 MP: 0/5
  1396 | D:1      | Reached XP level 3. HP: 12/19 MP: 7/7
  2283 | D:2      | Reached XP level 4. HP: 19/24 MP: 9/9
  3024 | D:2      | Reached skill level 4 in Earth Magic
  3358 | D:3      | Noticed a big kobold
  3369 | D:3      | Killed a big kobold
  3369 | D:3      | Reached skill level 5 in Earth Magic
  3369 | D:3      | Reached XP level 5. HP: 28/28 MP: 7/11
  3773 | D:3      | Killed from afar by an orc priest

Skill      XL: |  1  2  3  4 |
---------------+-------------+-----
Spellcasting   | 3 4 |  4.0
Earth Magic    | 5 |  5.5
Dodging        | |  1.5
Stealth        | |  2.1
Transmutations | |  0.7

Action                   |  1- 3 |  4- 6 || total
-------------------------+-------+-------++-------
Melee: Dagger            |    76 |       ||    76
       Unarmed           |     7 |       ||     7
       Short sword       |    61 |    84 ||   145
 Cast: Sandblast         |    23 |    11 ||    34
 Stab: Sleeping          |       |     3 ||     3
  Eat: Chunk             |     5 |     4 ||     9
Armor: Robe              |    53 |    51 ||   104
       Skin              |       |     1 ||     1
Dodge: Dodged            |   121 |   101 ||   222
